 Dungeon Crawl Stone Soup version 0.25.0-9-g26727b657a (webtiles) character file.

Game seed: 4115570604471978898

1030 Buyout the Skirmisher (level 8, -2/87 HPs)
             Began as an Ogre Berserker on June 22, 2020.
             Was a Priest of Trog.
             Slain by an orc warrior
             ... wielding a +0 hand axe
              (14 damage)
             ... on level 6 of the Dungeon.
             The game lasted 00:22:56 (6121 turns).

Buyout the Skirmisher (Ogre Berserker)              Turns: 6121, Time: 00:22:57

Health: -2/87      AC:  3    Str: 23    XL:     8   Next: 23%
Magic:  8/8        EV: 11    Int:  8    God:    Trog [***...]
Gold:   300        SH:  0    Dex:  9    Spells: 7/7 levels left

rFire    . . .     SeeInvis .   u - +0 war axe
rCold    . . .     Gourm    .   (no shield)
rNeg     . . .     Faith    .   b - +0 animal skin
rPois    .         Spirit   .   (helmet restricted)
rElec    .         Reflect  .   (no cloak)
rCorr    .         Harm     .   (gloves unavailable)
MR       ++...                  (boots unavailable)
Stlth    ++........             (no amulet)
HPRegen  1.24/turn              (no ring)
MPRegen  0.11/turn              (no ring)

@: berserk cooldown, regenerating, slowed, very slow
A: large, unfitting armour, tough skin 1
a: Berserk, Trog's Hand, Renounce Religion


You were on level 6 of the Dungeon.
You worshipped Trog.
Trog was most pleased with you.
You were hungry.

You visited 2 branches of the dungeon, and saw 7 of its levels.

You collected 300 gold pieces.

Inventory:

Hand Weapons
 a - a +0 hand axe
 s - a +0 hand axe
 u - a +0 war axe (weapon)
Missiles
 h - 114 arrows
 i - 96 stones (quivered)
 m - 6 atropa-tipped darts
 o - 11 poisoned darts
Armour
 b - a +0 animal skin (worn)
 f - a cursed +0 ring mail
 n - a +0 helmet
 q - a cursed +0 buckler
 t - a +2 buckler
Scrolls
 e - 7 scrolls of teleportation {unknown}
 g - 6 scrolls of remove curse {unknown}
 j - 9 scrolls of identify {unknown}
 k - 2 scrolls of enchant weapon {unknown}
 l - a scroll of fear {unknown}
 p - a scroll of enchant armour {unknown}
 r - a scroll of random uselessness {unknown}
 w - a scroll of noise {unknown}
 y - a scroll of fog {unknown}
Comestibles
 c - 4 rations
 z - 2 chunks of flesh


   Skills:
 + Level 7.0 Fighting
 + Level 7.0 Axes
 + Level 0.1 Throwing
 + Level 4.9 Dodging
 + Level 1.8 Stealth


You had 7 spell levels left.
You didn't know any spells.
Your spell library was empty.

Dungeon Overview and Level Annotations

Branches:
Dungeon (6/15)             Temple (1/1) D:4

Altars:
Ashenzari
Cheibriados
Dithmenos
Elyvilon
Fedhas
Gozag
Kikubaaqudgha
Makhleb
Nemelex Xobeh
Okawaru
Ru
Uskayaw
Wu Jian
Xom
Yredelemnul
Zin
The Shining One


Innate Abilities, Weirdness & Mutations

You are too large for most types of armour.
You have tough skin. (AC +1)


Message History

The orc warrior is heavily wounded.
The orc wizard casts a cantrip, but nothing happens.
The orc warrior hits you with a +0 hand axe.
An orc comes into view. It is wielding a +0 hand axe.
The orc shouts!
You hit the orc warrior but do no damage.
The orc warrior is heavily wounded.
The orc warrior hits you with a +0 hand axe! x2
The orc wizard mumbles some strange words.
The orc wizard seems to speed up.
You hit the orc warrior but do no damage.
The orc warrior is heavily wounded.
The orc warrior hits you with a +0 hand axe!!
* * * LOW HITPOINT WARNING * * *
The orc wizard miscasts a cantrip.
As you read the scroll labeled KUNOMAC WOWNEPS, it crumbles to dust.
It is a scroll of amnesia.
You feel forgetful for a moment.
The orc warrior hits you with a +0 hand axe!
You die...

#...#.#........
#.#
#...#..........
#.#
#...###.####...
#.# #...# #.#
#.# #...# #.#
..# # #...# #)#
### #.##)o# #.#
# #..)Zo###.# #
#..#o{o@..#
..Z. ######## #
...# # .. # .


You could see an orc warrior, an orc wizard (fast), an orc and a howler monkey
skeleton.

Vanquished Creatures
  A water moccasin (D:6)
  An orc warrior (D:6)
  2 hounds (D:4)
  A bullfrog zombie (D:5)
  4 orc priests
  A bullfrog skeleton (D:4)
  A jelly (D:5)
  7 orc wizards
  2 iguanas
  5 worker ants
  6 adders
  2 oozes
  9 worms
  4 dart slugs
  10 orcs
  4 bats
  6 giant cockroaches
  9 goblins
  10 hobgoblins
  8 jackals
  3 ball pythons
  9 frilled lizards
  10 kobolds
  4 rats
119 creatures vanquished.

Vanquished Creatures (others)
  A worker ant zombie (D:6)
1 creature vanquished.

Grand Total: 120 creatures vanquished

Notes
Turn   | Place    | Note
-------+----------+-------------------------------------------
     0 | D:1      | Buyout the Ogre Berserker began the quest for the Orb.
     0 | D:1      | Reached XP level 1. HP: 24/24 MP: 1/1
   208 | D:1      | Reached XP level 2. HP: 27/32 MP: 2/2
   679 | D:1      | Reached XP level 3. HP: 39/40 MP: 3/3
   898 | D:1      | Reached ** piety under Trog
  1532 | D:2      | Reached XP level 4. HP: 28/49 MP: 4/4
  2546 | D:3      | Reached XP level 5. HP: 53/55 MP: 5/5
  2563 | D:3      | Reached skill level 5 in Fighting
  2787 | D:3      | Found a white marble altar of Elyvilon.
  3092 | D:4      | Reached skill level 5 in Axes
  3120 | D:4      | Reached XP level 6. HP: 44/66 MP: 6/6
  3258 | D:4      | Reached *** piety under Trog
  3702 | D:4      | Found a staircase to the Ecumenical Temple.
  3742 | D:4      | Found a blossoming altar of Fedhas.
  3778 | Temple   | Entered the Ecumenical Temple
  3926 | D:5      | Entered Level 5 of the Dungeon
  4635 | D:5      | Reached XP level 7. HP: 69/74 MP: 7/7
  4762 | D:5      | Reached skill level 1 in Stealth
  5749 | D:6      | Reached XP level 8. HP: 51/84 MP: 8/8
  6121 | D:6      | Slain by an orc warrior

Illustrated notes

Levels and vault maps discovered:
D:1:      wheals_arrival_linesprint, layout_loops_corners
D:2:      layout_basic
D:3:      layout_loops_ring, nicolae_overflow_hidden_temple
D:4:      layout_rooms, lemuel_crystal_altar, minmay_temple_entry_water_ring
D:5:      layout_basic, first_ration
D:6:      layout_basic, grunt_qazlal_clouds
Temple:   eino_wide_crystal_templ

Skill      XL: |  1  2  3  4  5  6  7  8 |
---------------+-------------------------+-----
Dodging        | 3 4 |  4.9
Axes           | 4 5 6 7 |  7.0
Fighting       | 5 6 7 |  7.0
Stealth        | 1 |  1.8
Throwing       | |  0.1

Action                   |  1- 3 |  4- 6 |  7- 9 || total
-------------------------+-------+-------+-------++-------
Melee: Hand axe          |   132 |   206 |       ||   338
       War axe           |       |    12 |    97 ||   109
Throw: Stone             |       |     3 |     4 ||     7
Invok: Berserk           |     1 |     2 |     3 ||     6
       Trog's Hand       |       |       |     2 ||     2
  Use: Potion            |       |     2 |     4 ||     6
       Scroll            |       |       |     1 ||     1
 Stab: Sleeping          |       |       |     1 ||     1
  Eat: Chunk             |     2 |     3 |     1 ||     6
       Ration            |     1 |     2 |     2 ||     5
Armor: Animal skin       |    38 |    44 |    16 ||    98
Dodge: Dodged            |    65 |   106 |    78 ||   249
